 Dungeon Crawl Stone Soup version 0.20.1-1-g8b1a95d (webtiles) character file.

347 RicketyTrickster the Cutter (level 6, 0/40 HPs)
             Began as a Kobold Berserker on July 4, 2017.
             Was a Believer of Trog.
             Slain by a killer bee (3 damage)
             ... on level 3 of the Dungeon.
             The game lasted 00:09:13 (2998 turns).

RicketyTrickster the Cutter (Kobold Berserker)      Turns: 2998, Time: 00:09:16

Health: 0/40       AC:  3    Str: 16    XL:     6   Next: 91%
Magic:  6/6        EV: 15    Int:  8    God:    Trog [**....]
Gold:   133        SH:  4    Dex: 15    Spells: 5/5 levels left

rFire    . . .     SeeInvis .   d - +0 short sword (drain)
rCold    . . .     Gourm    .   i - +0 buckler
rNeg     . . .     Faith    .   l - +0 leather armour
rPois    .         Spirit   .   (no helmet)
rElec    .         Reflect  .   (no cloak)
rCorr    .         Harm     .   (no gloves)
MR       .....                  (no boots)
Stlth    ++........             (no amulet)
Regen    0.2/turn               (no ring)
MPRegen  0.1/turn               (no ring)

@: lethally poisoned (0 -> -13), berserk cooldown, slowed, very slow
A: carnivore 3
a: Berserk, Trog's Hand, Burn Spellbooks, Renounce Religion


You were on level 3 of the Dungeon.
You worshipped Trog.
Trog was pleased with you.
You were very full.

You visited 1 branch of the dungeon, and saw 4 of its levels.

You collected 133 gold pieces.

Inventory:

Hand Weapons
 d - a +0 short sword of draining (weapon)
 k - a +0 dagger of protection
Armour
 i - a +0 buckler (worn)
 l - a +0 leather armour (worn)
Scrolls
 e - a scroll of random uselessness {unknown}
 f - a scroll of magic mapping
 g - a scroll of enchant weapon {unknown}
 m - a scroll of amnesia {unknown}
Potions
 b - a potion of flight {unknown}
 h - a potion of haste
 j - a potion of curing {unknown}
Comestibles
 c - 3 meat rations
 n - a bread ration


   Skills:
 + Level 5.0 Fighting
 + Level 6.4 Short Blades
 + Level 2.2 Armour
 + Level 3.2 Dodging
 + Level 3.4 Stealth
 + Level 0.7 Shields


You had 5 spell levels left.
You didn't know any spells.

Dungeon Overview and Level Annotations

Branches:
Dungeon (4/15)
 Temple: D:4-7

Altars:
Cheibriados
Fedhas
Trog
Vehumet
Xom


Innate Abilities, Weirdness & Mutations

You are small and have problems with some larger weapons.
You are carnivorous and can eat meat at any time.


Message History

The killer bee misses you. You block the killer bee's attack.
You hit the orc.
The orc is severely wounded.
You feel sick. The killer bee closely misses you.
The killer bee barely misses you. x2; The killer bee closely misses you.
The killer bee barely misses you. The killer bee misses you.
You hit the orc.
You kill the orc!
Trog accepts your kill.
You feel sick.
The killer bee stings you but does no damage.
You block the killer bee's attack. The killer bee barely misses you. x2
You hit the orc.
The orc is severely wounded.
You feel sick. The killer bee stings you!
* * * LOW HITPOINT WARNING * * *
The killer bee stings you!
* * * LOW HITPOINT WARNING * * *
The killer bee stings you.
You die...

## .## ..## #####
...#########...#
...............#
....########...####
..#.# #.[<...o@y#
.##.# #.###.###y#
....# #.# #.# #y#
..### #.# #.# #.#
...## #.###.# #.#
....## #..##.###.#
.(...####..รท......#
.....'............#
....)####...#.###.#


You could see 3 killer bees and an orc.

Vanquished Creatures
  The ghost of RicketyTrickster the Cutter, an amateur KoBe of Trog (D:3)
  3 killer bees (D:4)
  An orc wizard (D:3)
  2 adders (D:3)
  A worm (D:2)
  2 dart slugs
  8 orcs
  3 bats
  A giant cockroach (D:3)
  9 goblins
  5 hobgoblins
  2 jackals (D:3)
  3 kobolds
  6 frilled lizards
  6 rats
53 creatures vanquished.

Notes
Turn   | Place    | Note
-------+----------+-------------------------------------------
     0 | D:1      | RicketyTrickster the Kobold Berserker began the quest for the Orb.
     0 | D:1      | Reached XP level 1. HP: 14/14 MP: 1/1
   169 | D:1      | Reached XP level 2. HP: 19/19 MP: 2/2
   453 | D:1      | You fall through a shaft!
  1010 | D:2      | Reached XP level 3. HP: 16/24 MP: 3/3
  1062 | D:2      | Found a radiant altar of Vehumet.
  1070 | D:2      | Found a bloodstained altar of Trog.
  1171 | D:2      | Found a snail-covered altar of Cheibriados.
  1528 | D:2      | Reached ** piety under Trog
  1886 | D:3      | Found a blossoming altar of Fedhas.
  1933 | D:3      | Noticed RicketyTrickster's ghost (amateur KoBe)
  1946 | D:3      | Killed RicketyTrickster's ghost
  1946 | D:3      | Reached skill level 5 in Short Blades
  1946 | D:3      | Reached XP level 4. HP: 13/30 MP: 4/4
  1946 | D:3      | Reached XP level 5. HP: 14/34 MP: 5/5
  2443 | D:3      | Reached XP level 6. HP: 14/39 MP: 6/6
  2792 | D:3      | Found a shimmering altar of Xom.
  2981 | D:4      | Reached skill level 6 in Short Blades
  2989 | D:4      | Reached skill level 5 in Fighting
  2993 | D:4      | HP: 3/60 [killer bee (3)]
  2994 | D:3      | HP: 1/40 [poisoned by a killer bee]
  2998 | D:3      | Slain by a killer bee

Skill      XL: |  1  2  3  4  5  6 |
---------------+-------------------+-----
Fighting       | 4 5 |  5.0
Short Blades   | 5 6 |  6.4
Armour         | 2 |  2.2
Stealth        | 2 3 |  3.4
Dodging        | 3 |  3.2
Shields        | |  0.7

Action                   |  1- 3 |  4- 6 || total
-------------------------+-------+-------++-------
Melee: Short sword       |    93 |    64 ||   157
Invok: Berserk           |     1 |     2 ||     3
  Use: Potion            |     3 |     2 ||     5
       Scroll            |     4 |       ||     4
 Stab: Sleeping          |     3 |     2 ||     5
  Eat: Chunk             |    11 |     6 ||    17
Armor: Animal skin       |     2 |       ||     2
       Leather armour    |     5 |    14 ||    19
Dodge: Dodged            |    34 |    71 ||   105
Block: Buckler           |     9 |    16 ||    25
